AoeStats
← joosephy

Black Forest

508879746Analyzed
4v4 RM · 7d ago on Sep 24, 2026· 82m 25s· 8 players
Game mode
Random Map
Map size
Large (8 player)
Population
200
Speed
Normal
Resources
Standard
Victory
Conquest
Starting age
Dark Age
Ending age
Imperial Age
RankedLock teamsTeams togetherTeam positionsShared explorationLock speedFull tech treeHidden civsTurbo modeCheats
Victory
Defeat
🇨🇳 Burgundians · China
1687
+13
🇹🇼 Persians · Taiwan
1643
+14
🇨🇳 Ethiopians · China
1631
+15
🇨🇳 Varangians · China
1531
+19
🇨🇳 Mongols · China
1660
-17
🇧🇪 Dravidians · Belgium
1617
-16
🇦🇹 Teutons · Austria
1583
-14
🇳🇱 Koreans · Netherlands
1572
-14
old f1sh
4:12 Double-Bit Axe
10:56 Feudal Age
12:15 Bow Saw
14:45 Castle Age
13:08 Horse Collar
14:02 Heavy Plow
15:57 Wheelbarrow
21:36 Hand Cart
22:28 Gold Mining
26:40 Imperial Age
24:55 Gold Shaft Mining
27:26 Padded Archer Armor
28:38 Chemistry
28:55 Leather Archer Armor
32:08 Scale Mail Armor
32:18 Forging
32:28 Guilds
32:39 Squires
32:24 Arson
33:59 Chain Mail Armor
34:20 Iron Casting
34:23 Fortified Wall
34:42 Stone Mining
36:38 Plate Mail Armor
37:43 Coinage
39:18 Blast Furnace
38:15 Loom
44:09 Treadmill Crane
44:39 Masonry
46:35 Elite Skirmisher
49:14 Burgundian Vineyards
49:29 Conscription
49:11 Fletching
49:49 Bodkin Arrow
51:20 Bracer
51:18 Pikeman
52:02 Caravan
52:58 Halberdier
55:26 Architecture
55:57 Two-Man Saw
55:39 Bombard Tower
59:58 Banking
67:18 Light Cavalry
67:22 Cavalier
68:02 Husbandry
68:09 Scale Barding Armor
68:30 Paladin
71:42 Light Cavalry
72:50 Hussar
76:43 Chain Barding Armor
80:33 Plate Barding Armor
joosephy
8:41 Feudal Age
9:34 Double-Bit Axe
18:10 Castle Age
17:04 Gold Mining
17:50 Horse Collar
19:09 Bow Saw
20:56 Scale Barding Armor
26:19 Wheelbarrow
28:06 Hand Cart
30:25 Loom
33:55 Imperial Age
31:38 Bloodlines
31:40 Forging
32:42 Chain Barding Armor
34:31 Gold Shaft Mining
34:33 Iron Casting
33:48 Cavalier
34:59 Conscription
34:43 Husbandry
36:23 Plate Barding Armor
38:16 Blast Furnace
39:15 Heavy Camel Rider
39:47 Town Watch
40:00 Light Cavalry
40:50 Heavy Plow
41:23 Savar
42:45 Caravan
44:39 Fletching
47:08 Ballistics
46:36 Town Watch
48:48 Hussar
52:52 Stone Mining
54:56 Crop Rotation
60:06 Two-Man Saw
60:54 Chemistry
59:42 Capped Ram
61:00 Siege Ram
65:25 Heavy Scorpion
66:23 Citadels
67:17 Scale Mail Armor
67:13 Bodkin Arrow
71:40 Padded Archer Armor
71:56 Chain Mail Armor
涅槃重生
0:30 Loom
11:46 Feudal Age
11:58 Man-at-Arms
12:29 Man-at-Arms
16:08 Horse Collar
22:16 Castle Age
21:24 Stone Mining
22:34 Horse Collar
23:57 Double-Bit Axe
28:16 Scale Barding Armor
31:28 Forging
41:31 Wheelbarrow
42:07 Gold Mining
43:53 Bow Saw
50:10 Imperial Age
47:59 Hand Cart
48:30 Caravan
50:46 Town Watch
51:56 Scale Mail Armor
53:38 Two-Man Saw
53:40 Chain Mail Armor
53:34 Squires
53:19 Arson
54:55 Iron Casting
55:06 Plate Mail Armor
55:11 Gambesons
55:03 Elite Varangian Guard
60:19 Heavy Plow
60:56 Stone Shaft Mining
60:16 Onager
63:48 Chemistry
63:39 Coinage
70:33 Gothikon
71:33 Conscription
76:10 Pikeman
82:21 Halberdier
布布
8:50 Feudal Age
9:01 Man-at-Arms
10:19 Double-Bit Axe
12:21 Horse Collar
13:46 Fletching
20:27 Castle Age
19:42 Gold Mining
22:39 Bow Saw
25:26 Imperial Age
22:22 Crossbowman
24:22 Ballistics
24:31 Bodkin Arrow
24:40 Padded Archer Armor
26:16 Wheelbarrow
27:08 Chemistry
26:31 Bracer
32:08 Town Watch
32:39 Hand Cart
32:11 Loom
34:37 Arbalester
38:09 Fortified Wall
38:27 Thumb Ring
38:34 Thumb Ring
39:05 Leather Archer Armor
39:12 Conscription
39:07 Masonry
40:46 Gold Shaft Mining
40:01 Stone Mining
41:33 Ring Archer Armor
41:48 Torsion Engines
42:34 Architecture
43:31 Heavy Scorpion
45:19 Siege Engineers
49:36 Caravan
50:34 Guilds
58:09 Elite Skirmisher
62:50 Scale Mail Armor
63:00 Forging
64:11 Capped Ram
65:32 Coinage
65:26 Guard Tower
66:03 Squires
67:41 Banking
70:03 Two-Man Saw
70:54 Halberdier
72:09 Chain Mail Armor
72:29 Iron Casting
79:51 Siege Ram
Tiekel
0:44 Loom
10:31 Feudal Age
11:00 Double-Bit Axe
14:52 Fletching
19:39 Castle Age
18:15 Gold Mining
18:09 Horse Collar
21:11 Bow Saw
21:34 Bodkin Arrow
25:56 Ballistics
27:50 Wheelbarrow
27:18 Town Watch
30:18 Treadmill Crane
34:20 Imperial Age
33:02 Stone Mining
35:08 Bracer
36:15 Chemistry
37:21 Masonry
37:36 Heavy Plow
38:13 Gold Shaft Mining
39:07 Conscription
Rest in Pieces
1:24 Loom
4:50 Loom
9:53 Feudal Age
10:03 Man-at-Arms
23:08 Double-Bit Axe
24:59 Town Watch
30:31 Castle Age
33:19 Castle Age
37:38 Horse Collar
40:47 Wheelbarrow
40:52 Bow Saw
42:42 Caravan
48:30 Imperial Age
46:44 Hand Cart
48:02 Scale Mail Armor
48:13 Forging
47:25 Pikeman
48:06 Squires
48:14 Heavy Plow
50:12 Chemistry
49:29 Chain Mail Armor
49:49 Iron Casting
50:45 Two-Man Saw
50:18 Crop Rotation
51:52 Plate Mail Armor
52:23 Blast Furnace
55:44 Halberdier
56:59 Guilds
59:41 Coinage
59:52 Fletching
60:23 Bombard Tower
61:00 Bodkin Arrow
61:16 Masonry
61:12 Siege Engineers
62:21 Banking
64:25 Scale Barding Armor
64:31 Bloodlines
63:41 Cavalier
65:35 Chain Barding Armor
65:54 Paladin
67:12 Plate Barding Armor
72:32 Ballistics
72:24 Masonry
月月
8:59 Feudal Age
12:53 Castle Age
11:24 Double-Bit Axe
13:47 Bow Saw
13:28 Horse Collar
14:37 Horse Collar
19:50 Heavy Plow
22:10 Wheelbarrow
22:06 Loom
22:52 Gold Mining
24:44 Gold Shaft Mining
24:01 Stone Mining
27:55 Imperial Age
25:45 Scale Barding Armor
26:57 Chain Barding Armor
27:16 Hand Cart
27:55 Forging
28:10 Bloodlines
28:30 Husbandry
28:01 Elite Steppe Lancer
29:51 Iron Casting
31:43 Blast Furnace
31:09 Conscription
31:14 Fletching
32:01 Town Watch
34:05 Bodkin Arrow
35:19 Bracer
35:35 Masonry
38:33 Padded Archer Armor
39:41 Leather Archer Armor
40:29 Chemistry
39:49 Ballistics
39:19 Light Cavalry
41:04 Parthian Tactics
40:44 Thumb Ring
40:13 Hussar
42:07 Elite Mangudai
52:12 Siege Engineers
54:37 Coinage
54:07 Caravan
57:37 Drill
58:36 Coinage
58:49 Capped Ram
60:14 Hoardings
59:41 Siege Ram
60:05 Onager
64:30 Banking
70:09 Murder Holes
Bambs
10:26 Feudal Age
11:35 Double-Bit Axe
14:24 Castle Age
13:19 Gold Mining
13:15 Loom
14:22 Horse Collar
15:27 Bow Saw
20:14 Pikeman
20:55 Squires
21:38 Forging
24:45 Wheelbarrow
24:03 Stone Mining
24:48 Scale Mail Armor
25:23 Iron Casting
27:12 Chain Mail Armor
28:31 Hand Cart
31:53 Imperial Age
29:40 Fletching
29:50 Padded Archer Armor
30:26 Coinage
30:21 Ballistics
30:21 Elite Skirmisher
31:30 Fortified Wall
31:44 Bodkin Arrow
32:05 Leather Archer Armor
32:05 Elite Elephant Archer
32:51 Thumb Ring
34:25 Chemistry
34:42 Bracer
35:56 Ring Archer Armor
36:47 Heavy Plow
37:35 Plate Mail Armor
37:47 Caravan
39:11 Halberdier
40:54 Blast Furnace
40:32 Coinage
41:29 Medical Corps
41:45 Conscription
42:01 Hoardings
41:17 Arrowslits
41:45 Masonry
41:31 Murder Holes
57:29 Siege Elephant
60:34 Bombard Tower
80:44 Wootz Steel
82:08 Wootz Steel
Connection lost

Rejoining the realm…

Still unreachable

The connection could not be restored.

Session expired

The server has moved on; the page needs a fresh start.